cohdb
Replays
Latest Replays
All Replays
Popular Replays
Top Player Replays
Match Explorer
How It Works
Community
CoH3 Stats
Reddit
Sign in to upload your games and track your stats! →
Sign in with Steam
Match 46812432
Unlisted
Match 46812432
Overview
Messages
Build Orders
End
Kettenkrad Recon Vehicle
Construct Infanterie Kompanie
MG 42 Machine Gun Team
Selects Terror Battlegroup
Selects Machine Gun Camouflage
Grenadier Squad
Grenadier Squad
Construct Luftwaffe Kompanie
MG 42 Machine Gun Team
Flak 30 Anti-aircraft Gun Team
Jäger Squad
Jäger Squad
Support Elements
Selects No Quarter
Wirbelwind Flakpanzer
Marder III M Tank Destroyer
Pioneer Squad
Pioneer Squad
Medical Bunker
Pioneer Squad
UMirinBrah?
Raiden
FLOKL
Ashilrye
帝国大机霸贝克尔少校
Dirkradix
0
0
Comments
sign in to comment!
No comments posted yet!